 Dungeon Crawl Stone Soup version 0.24.0-125-gc4c63601f3 (webtiles) character file.

Game seed: 13548936546256933217, levelgen mode: deterministic

568 Lemonice the Grasshopper (level 7, -2/56 HPs)
             Began as a Gnoll Warper on Feb 21, 2020.
             Slain by Duvessa
             ... wielding a +2 short sword of venom
              (9 damage)
             ... on level 4 of the Dungeon.
             The game lasted 00:10:26 (4061 turns).

Lemonice the Grasshopper (Gnoll Warper)             Turns: 4061, Time: 00:10:28

Health: -2/56      AC:  5    Str: 15    XL:     7   Next: 33%
Magic:  9/15       EV: 12    Int: 16    God:
Gold:   174        SH:  8    Dex: 14    Spells: 13/17 levels left

rFire    . . .     SeeInvis .   q - +0 trident (protect)
rCold    . . .     Gourm    .   r - +0 shield
rNeg     . . .     Faith    .   b - +0 leather armour
rPois    .         Spirit   .   (no helmet)
rElec    .         Reflect  .   o - +0 cloak
rCorr    .         Harm     .   (no gloves)
MR       .....                  y - +0 pair of boots
Stlth    ++........             (no amulet)
HPRegen  0.18/turn              (no ring)
MPRegen  0.14/turn              (no ring)

@: lethally poisoned (-2 -> -34), shrouded
A: distributed training, fangs 1, strong nose
a: no special abilities


You were on level 4 of the Dungeon.
You were not hungry.

You visited 1 branch of the dungeon, and saw 4 of its levels.

You collected 174 gold pieces.

Inventory:

Hand Weapons
 a - a +0 spear
 q - a +0 trident of protection (weapon)
Missiles
 e - 5 boomerangs of dispersal (quivered)
 t - 7 javelins
 v - 2 throwing nets
 x - 4 boomerangs
Armour
 b - a +0 leather armour (worn)
 o - a +0 cloak (worn)
 r - a +0 shield (worn)
 y - a +0 pair of boots (worn)
Wands
 w - a wand of digging (4)
Scrolls
 d - 2 scrolls of blinking
 g - 2 scrolls of enchant weapon {unknown}
 h - a scroll of immolation {unknown}
 i - a scroll of fear {unknown}
 j - 6 scrolls of identify {unknown}
 m - a scroll of amnesia {unknown}
 s - 2 scrolls of teleportation {unknown}
Potions
 c - 2 potions of mutation {unknown}
 k - 3 potions of curing {unknown}
 l - a potion of agility {unknown}
 n - a potion of brilliance {unknown}
 p - 4 potions of lignification {unknown}
 u - a potion of degeneration {unknown}
 z - a potion of haste {unknown}
Comestibles
 f - 8 rations


   Skills:
 + Level 5.2 Fighting
 + Level 2.3 Short Blades
 + Level 2.3 Long Blades
 + Level 2.3 Axes
 + Level 2.3 Maces & Flails
 + Level 5.2 Polearms
 + Level 2.3 Staves
 + Level 2.3 Slings
 + Level 2.3 Bows
 + Level 2.3 Crossbows
 + Level 3.5 Throwing
 + Level 3.5 Armour
 + Level 5.2 Dodging
 + Level 2.3 Stealth
 + Level 2.3 Shields
 + Level 2.3 Unarmed Combat
 + Level 5.5 Spellcasting
 + Level 1.9 Conjurations
 + Level 1.9 Hexes
 + Level 1.9 Charms
 + Level 1.9 Summonings
 + Level 1.9 Necromancy
 + Level 5.8 Translocations
 + Level 1.9 Transmutations
 + Level 1.9 Fire Magic
 + Level 1.9 Ice Magic
 + Level 1.9 Air Magic
 + Level 1.9 Earth Magic
 + Level 1.9 Poison Magic
 + Level 2.6 Invocations
 + Level 2.3 Evocations


You had 13 spell levels left.
You knew the following spells:

 Your Spells              Type           Power        Failure   Level  Hunger
a - Blink                 Tloc           N/A          13%         2    #......
b - Shroud of Golubria    Chrm/Tloc      ###...       28%         2    #......

Your spell library contained the following spells:

 Spells                   Type           Power        Failure   Level  Hunger
 Gell's Gravitas          Tloc           ###.......   26%         3    ###....
 Lesser Beckoning         Tloc           ###.......   26%         3    ###....
 Teleport Other           Tloc           ###.....     26%         3    ###....
 Beastly Appendage        Tmut           ##....       38%         1    None
 Sticks to Snakes         Tmut           ##......     52%         2    #......
 Passage of Golubria      Tloc           N/A          63%         4    ####...
 Spider Form              Tmut/Pois      ##........   77%         3    ###....
 Ice Form                 Ice/Tmut       ##......     99%         4    ####...
 Blade Hands              Tmut           ##........   100%        5    ######.


Dungeon Overview and Level Annotations

Branches:
Dungeon (4/15)
 Temple: D:4-7

Altars:
Dithmenos
Gozag
Kikubaaqudgha
Nemelex Xobeh
Okawaru
Qazlal
Trog
Wu Jian

Annotations:
D:4 Duvessa, Sigmund


Innate Abilities, Weirdness & Mutations

Your experience applies equally to all skills.
You have very sharp teeth.
Your uncanny sense of smell can sniff out nearby items.


Message History

* * * LOW HITPOINT WARNING * * *
You feel very sick.
Duvessa hits you with a +2 short sword of venom.
* * * LOW HITPOINT WARNING * * *
Your shroud falls apart!
You are more poisoned.
Casting: Shroud of Golubria (safe; 28% risk of failure)
Confirm with . or Enter, or press ? or * to list all spells.
Space distorts slightly along a thin shroud covering your body.
* * * LOW HITPOINT WARNING * * *
You feel sick.
Duvessa hits you with a +2 short sword of venom.
* * * LOW HITPOINT WARNING * * *
Your shroud falls apart!
You are more poisoned.
Casting: Shroud of Golubria (safe; 28% risk of failure)
Confirm with . or Enter, or press ? or * to list all spells.
Space distorts slightly along a thin shroud covering your body.
* * * LOW HITPOINT WARNING * * *
You feel very sick.
Duvessa hits you with a +2 short sword of venom!
You die...

#.### ##.....## ####.# #.#.##
##.......## ##.##.#
####....####.........####.<.#.#
......รท....+.........'........#
####....####.........####...#.#
#...##### ##.......##.........#
#...#E# ##.....###.######..#
#...#### ##...## # ...# .......#
##@## ##.# .._....## #e# .#
........# #{# .# #...###.# #F#
#...#E#.#


.lZ #...###.######.... .###.............. .# ####.#####....#. .######.# You
could see Duvessa, a bullfrog, a frilled lizard and a hound skeleton.

Vanquished Creatures
  Edmund (D:4)
  An ogre (D:4)
  Dowan (D:4)
  A howler monkey (D:4)
  A centaur skeleton (D:4)
  An iguana (D:4)
  7 adders
  7 gnolls
  An ooze (D:1)
  2 adder skeletons
  3 worms
  3 dart slugs (D:1)
  5 orcs
  3 giant cockroaches
  5 goblins
  5 hobgoblins
  5 jackals
  A quokka (D:4)
  A ball python (D:3)
  11 bats
  5 frilled lizards
  7 kobolds
  17 rats
94 creatures vanquished.

Notes
Turn   | Place    | Note
-------+----------+-------------------------------------------
     0 | D:1      | Lemonice the Gnoll Warper began the quest for the Orb.
     0 | D:1      | Reached XP level 1. HP: 20/20 MP: 6/6
    83 | D:1      | Reached XP level 2. HP: 24/26 MP: 7/7
   182 | D:1      | Reached XP level 3. HP: 30/31 MP: 9/9
   292 | D:1      | Reached skill level 5 in Spellcasting
   624 | D:2      | Reached skill level 1 in Invocations
   762 | D:2      | Found an ornate altar of the Wu Jian Council.
   879 | D:2      | Reached skill level 1 in Short Blades
   879 | D:2      | Reached skill level 1 in Long Blades
   879 | D:2      | Reached skill level 1 in Axes
   879 | D:2      | Reached skill level 1 in Maces & Flails
   879 | D:2      | Reached skill level 1 in Staves
   879 | D:2      | Reached skill level 1 in Slings
   879 | D:2      | Reached skill level 1 in Bows
   879 | D:2      | Reached skill level 1 in Crossbows
   879 | D:2      | Reached skill level 1 in Stealth
   879 | D:2      | Reached skill level 1 in Shields
   879 | D:2      | Reached skill level 1 in Unarmed Combat
   879 | D:2      | Reached skill level 1 in Evocations
   879 | D:2      | Reached XP level 4. HP: 36/38 MP: 11/11
  1016 | D:2      | Found a shadowy altar of Dithmenos.
  1016 | D:2      | Found an iron altar of Okawaru.
  1029 | D:2      | Found a sparkling altar of Nemelex Xobeh.
  1030 | D:2      | Found an opulent altar of Gozag.
  1030 | D:2      | Found a bloodstained altar of Trog.
  1475 | D:3      | Reached skill level 1 in Conjurations
  1475 | D:3      | Reached skill level 1 in Hexes
  1475 | D:3      | Reached skill level 1 in Charms
  1475 | D:3      | Reached skill level 1 in Summonings
  1475 | D:3      | Reached skill level 1 in Necromancy
  1475 | D:3      | Reached skill level 1 in Transmutations
  1475 | D:3      | Reached skill level 1 in Fire Magic
  1475 | D:3      | Reached skill level 1 in Ice Magic
  1475 | D:3      | Reached skill level 1 in Air Magic
  1475 | D:3      | Reached skill level 1 in Earth Magic
  1475 | D:3      | Reached skill level 1 in Poison Magic
  1658 | D:3      | Found an ancient bone altar of Kikubaaqudgha.
  1700 | D:3      | Reached XP level 5. HP: 33/43 MP: 12/12
  3094 | D:2      | Learned a level 2 spell: Blink
  3097 | D:2      | Learned a level 2 spell: Shroud of Golubria
  3108 | D:3      | Reached XP level 6. HP: 50/50 MP: 11/13
  3226 | D:4      | Noticed Edmund
  3266 | D:4      | Killed Edmund
  3266 | D:4      | Reached skill level 5 in Fighting
  3266 | D:4      | Reached skill level 5 in Polearms
  3266 | D:4      | Reached skill level 5 in Dodging
  3405 | D:4      | Noticed Dowan
  3411 | D:4      | Reached XP level 7. HP: 46/56 MP: 11/15
  3440 | D:4      | Killed Dowan
  3706 | D:4      | Noticed Sigmund
  3753 | D:4      | Noticed Duvessa
  3866 | D:4      | Found a stormy altar of Qazlal.
  3867 | D:4      | Noticed an air elemental
  3878 | D:4      | Noticed a water elemental
  3878 | D:4      | Noticed a fire elemental
  4061 | D:4      | Slain by Duvessa

Levels and vault maps discovered:
D:1:      lemuel_arrival_river_ford, layout_rooms
D:2:      layout_rooms, lemuel_round_altar, minitemple, first_ration
D:3:      layout_rooms, overflow_temple_1_default, minmay_unequal
D:4:      layout_loops_corners, nicolae_qazlal_style_of_elements,
          cheibriados_altar_1, uniq_duvessa, uniq_sigmund, uniq_edmund

Skill      XL: |  1  2  3  4  5  6 |
---------------+-------------------+-----
Spellcasting   | 5 |  5.5
Invocations    | 1 2 |  2.6
Short Blades   | 1 2 |  2.3
Long Blades    | 1 2 |  2.3
Axes           | 1 2 |  2.3
Maces & Flails | 1 2 |  2.3
Staves         | 1 2 |  2.3
Slings         | 1 2 |  2.3
Bows           | 1 2 |  2.3
Crossbows      | 1 2 |  2.3
Stealth        | 1 2 |  2.3
Shields        | 1 2 |  2.3
Unarmed Combat | 1 2 |  2.3
Evocations     | 1 2 |  2.3
Conjurations   | 1 |  1.9
Hexes          | 1 |  1.9
Charms         | 1 |  1.9
Summonings     | 1 |  1.9
Necromancy     | 1 |  1.9
Transmutations | 1 |  1.9
Fire Magic     | 1 |  1.9
Ice Magic      | 1 |  1.9
Air Magic      | 1 |  1.9
Earth Magic    | 1 |  1.9
Poison Magic   | 1 |  1.9
Throwing       | 3 |  3.5
Armour         | 3 |  3.5
Fighting       | 5 |  5.2
Polearms       | 5 |  5.2
Dodging        | 5 |  5.2
Translocations | |  5.8

Action                   |  1- 3 |  4- 6 |  7- 9 || total
-------------------------+-------+-------+-------++-------
Melee: Spear             |   124 |    43 |       ||   167
       Bite              |     8 |    28 |    11 ||    47
       Trident           |       |   214 |    68 ||   282
 Cast: Shroud of Golubri |       |     4 |     6 ||    10
  Use: Scroll            |     1 |     1 |       ||     2
 Stab: Sleeping          |       |     4 |     1 ||     5
  Eat: Chunk             |       |     9 |     2 ||    11
Armor: Leather armour    |    28 |    58 |    12 ||    98
Dodge: Dodged            |    78 |   146 |    24 ||   248
Block: Shield            |       |    58 |    28 ||    86
